 Dungeon Crawl Stone Soup version 0.29-a0-700-g2f1814c7b2 (webtiles) character file.

Game seed: 18361913941332977806

326 blackman the Chopper (level 6, -3/47 HPs)
             Began as a Human Delver on June 25, 2022.
             Was a Priest of Elyvilon.
             Succumbed to a water moccasin's poison
             ... on level 5 of the Dungeon.
             The game lasted 00:09:36 (4868 turns).

blackman the Chopper (Human Delver)                 Turns: 4868, Time: 00:09:37

Health: -3/47      AC: 10    Str: 15    XL:     6   Next: 79%
Magic:  6/6        EV:  4    Int: 10    God:    Elyvilon [***...]
Gold:   187        SH:  0    Dex: 20    Spells: 5/5 levels left

rFire   . . .      SeeInvis +   a - +0 hand axe
rCold   . . .      Faith    .   (no shield)
rNeg    . . .      Spirit   .   m - +0 plate armour
rPois   .          Reflect  .   l - +0 hat {Stlth+}
rElec   .          Harm     .   (no cloak)
rCorr   .          Rampage  .   (no gloves)
Will    .....                   (no boots)
Stlth   ..........              (no amulet)
HPRegen 0.15/turn               r - +6 ring of dexterity
MPRegen 0.10/turn               y - ring of see invisible

@: lethally poisoned (-3 -> -28), hasted, very quick
A: no striking features
a: Renounce Religion, Purification, Heal Other, Heal Self


You were on level 5 of the Dungeon.
You worshipped Elyvilon.
Elyvilon was most pleased with you.
You visited 2 branches of the dungeon, and saw 6 of its levels.

You collected 187 gold pieces.

Inventory:

Hand Weapons
 a - a +0 hand axe (weapon)
Missiles
 e - 6 poisoned darts (quivered)
Armour
 b - a +0 leather armour
 l - a +0 hat of stealth (worn)
 m - a +0 plate armour (worn)
Jewellery
 r - a +6 ring of dexterity (left hand)
 y - a ring of see invisible (right hand)
Wands
 g - a wand of digging (3)
 o - a wand of iceblast (6)
Scrolls
 c - 2 scrolls of fog
 f - a scroll of enchant armour {unknown}
 h - a scroll of torment {unknown}
 i - 3 scrolls of fear
 p - 4 scrolls of identify {unknown}
 s - a scroll of summoning {unknown}
 z - a scroll of blinking {unknown}
Potions
 d - 3 potions of attraction {unknown}
 k - a potion of berserk rage {unknown}
 n - a potion of brilliance {unknown}
 q - 2 potions of might {unknown}
 t - a potion of invisibility {unknown}
 u - a potion of lignification {unknown}
 v - a potion of haste
 w - a potion of degeneration {unknown}
 x - a potion of ambrosia {unknown}
 A - a potion of curing {unknown}


   Skills:
 - Level 3.1 Fighting
 + Level 6.4 Axes
 - Level 2.2 Dodging
 - Level 5.1 Stealth


You had 5 spell levels left.
You didn't know any spells.
Your spell library contained the following spells:

 Spells                   Type           Power      Damage    Failure   Level
 Sandblast                Erth           0%         2d4       100%        1
 Summon Small Mammal      Summ           0%         N/A       100%        1
 Passwall                 Tmut/Erth      0%         N/A       100%        2
 Call Canine Familiar     Summ           0%         N/A       100%        3
 Stone Arrow              Conj/Erth      0%         3d7       100%        3
 Summon Guardian Golem    Hex/Summ       0%         N/A       100%        3


Dungeon Overview and Level Annotations

Branches:
Dungeon (5/15)             Temple (1/1) D:5

Altars:
Ashenzari
Cheibriados
Dithmenos
Elyvilon
Fedhas
Gozag
Kikubaaqudgha
Qazlal
Ru
Trog
Uskayaw
Wu Jian
Xom
Yredelemnul
Zin
The Shining One

Shops:
D:2 ?   D:4 *

Annotations:
D:5 Sigmund


Message History

The water moccasin is severely wounded.
You feel sick. The water moccasin barely misses you.
You barely miss the water moccasin.
The water moccasin is severely wounded.
You feel sick.
The water moccasin bites you but does no damage.
You hit the water moccasin but do no damage.
The water moccasin is severely wounded.
The water moccasin bites you but does no damage.
You hit the water moccasin.
The water moccasin is severely wounded.
You feel sick. The water moccasin bites you.
You are lethally poisoned!
The water moccasin poisons you!
You completely miss the water moccasin.
The water moccasin is severely wounded.
You feel very sick. The water moccasin bites you.
* * * LOW HITPOINT WARNING * * *
You are more poisoned.
The water moccasin poisons you!
You hit the water moccasin.
The water moccasin is almost dead.
* * * LOW HITPOINT WARNING * * *
You feel very sick.
You hit the water moccasin but do no damage.
The water moccasin is almost dead.
* * * LOW HITPOINT WARNING * * *
You feel very sick. The water moccasin bites you.
* * * LOW HITPOINT WARNING * * *
You are more poisoned.
The water moccasin poisons you!
You hit the water moccasin.
The water moccasin is almost dead.
Elyvilon protects you from harm!
The water moccasin bites you but does no damage.
You hit the water moccasin but do no damage.
The water moccasin is almost dead.
You die...

**********
****###########*,,,,,,,,* **
*,,,..........#,,,*****,* *,
*,,,.$.....<#,,,,,,****,* *,
*,,*#######.#,,,,,,,,,*,* *,
*,,* ##.##,,,,,**,*,****,
*,,******#(S@#*,,,*,,,,,,,,,,
*,,*,........[.....|*,*,*****
****,,,,####..###.....#*,*,*
*,,,,*,,*
*#.#*,*####..,,*,*****
**,**,,,**
#..*,,,,.,***,,,,**,,,
*,,,**,**
#.#*,,,,..,,**,,,**,**
,,,,,,,*
#.*,,,***..,,**,,,,,*
*,,,**,*
*,*,,,,,*#..,,*,,*****
,,,***,* *,**,,,,,*,,,,*,,* *


You could see a water moccasin.

Vanquished Creatures
  A black bear (D:4)
  A scorpion (D:4)
  2 iguanas (D:4)
  4 adders
  4 dart slugs
  6 orcs
  8 endoplasms
  3 giant cockroaches
  14 goblins
  5 hobgoblins
  2 kobolds
  5 quokkas
  7 ball pythons
  5 bats
  2 frilled lizards (D:2)
  5 rats
74 creatures vanquished.

Notes
Turn   | Place    | Note
-------+----------+-------------------------------------------
     0 | D:5      | blackman the Human Delver began the quest for the Orb.
     0 | D:5      | Reached XP level 1. HP: 18/18 MP: 1/1
    12 | D:5      | Found a staircase to the Ecumenical Temple.
    13 | D:5      | Noticed a scorpion
    19 | Temple   | Entered the Ecumenical Temple
   157 | Temple   | Became a worshipper of Elyvilon the Healer
   190 | D:5      | Noticed Sigmund
   190 | D:5      | Noticed an iguana
   232 | D:4      | Noticed a scorpion
   276 | D:4      | Noticed an iguana
   276 | D:4      | Noticed a black bear
   334 | D:3      | Reached * piety under Elyvilon
   743 | D:2      | Found Zill's Magic Scroll Emporium.
   784 | D:1      | Reached XP level 2. HP: 24/24 MP: 2/2
   843 | D:1      | Found a faded altar of an unknown god.
  1200 | D:1      | Reached XP level 3. HP: 28/29 MP: 3/3
  1444 | D:1      | Reached skill level 3 in Axes
  1679 | D:2      | Reached ** piety under Elyvilon
  2092 | D:3      | Reached XP level 4. HP: 35/35 MP: 4/4
  2350 | D:3      | Reached skill level 4 in Axes
  3567 | D:4      | Found a stormy altar of Qazlal.
  3703 | D:4      | Killed a black bear
  3704 | D:4      | Reached skill level 5 in Axes
  3704 | D:4      | Reached XP level 5. HP: 41/41 MP: 5/5
  3715 | D:4      | Reached XP level 6. HP: 38/47 MP: 6/6
  3986 | D:4      | Reached skill level 6 in Axes
  4383 | D:4      | Found Arhietin's General Store.
  4559 | D:4      | Reached *** piety under Elyvilon
  4838 | D:5      | Noticed a water moccasin
  4866 | D:5      | HP: 1/47 [water moccasin (3)]
  4867 | D:5      | Elyvilon protects you from harm!
  4868 | D:5      | Succumbed to a water moccasin's poison

Illustrated notes

Levels and vault maps discovered:
D:1:      dpeg_arrival_signposts, layout_rooms,
          shapermc_ecumenical_altar_rom_forum
D:2:      layout_rooms, serial_shops, shop
D:3:      layout_rooms, hangedman_decor_push,
          amcnicky_mini_rare_corridor_liquid, kennysheep_big_empty_room,
          minmay_misc_feat_chi, minmay_goblin_kobold_house
D:4:      layout_cave_pods, lemuel_crystal_altar, serial_shops,
          nicolae_shop_stone, minmay_pentangle
D:5:      layout_loops_ring, minmay_temple_entry_slanted, gup_sewer_entry_bowl,
          serial_shops, shop, gammafunk_ghost_icy, uniq_sigmund
Temple:   bh_familiar_temple

Skill      XL: |  1  2  3  4  5  6 |
---------------+-------------------+-----
Axes           | 3 5 6 |  6.4
Fighting       | |  3.1
Dodging        | |  2.2
Stealth        | |  5.1

Action                   |  1- 3 |  4- 6 || total
-------------------------+-------+-------++-------
Melee: Hand axe          |   107 |   202 ||   309
       Punch             |       |     3 ||     3
Throw: Throwing net      |       |     3 ||     3
Evoke: Wand              |       |     2 ||     2
  Use: Scroll            |     2 |       ||     2
       Potion            |     1 |     1 ||     2
 Stab: Sleeping          |     6 |       ||     6
       Distracted        |     1 |       ||     1
       Held in net/web   |       |     1 ||     1
Armor: Leather armour    |    16 |       ||    16
       Plate armour      |    44 |   132 ||   176
Dodge: Dodged            |    49 |    43 ||    92

Table legend: (Time is in decaauts)
 A = Elapsed time spent in this place.
 B = Non-inter-level travel time spent in this place.
 C = Inter-level travel time spent in this place.
 D = Time resting spent in this place.
 E = Time spent auto-exploring this place.
 F = Levels seen in this place.
 G = Mean time per level.
                   A        B        C        D        E       F      G
               +--------+--------+--------+--------+--------+-----+--------+
         Total |   4870 |   4715 |    155 |   1157 |   2746 |   6 |  811.7 |
       Dungeon |   4708 |   4586 |    122 |   1157 |   2624 |   5 |  941.6 |
        Temple |    162 |    129 |     33 |      0 |    122 |   1 |  162.0 |
               +--------+--------+--------+--------+--------+-----+--------+

Top non-repeatable levels by time:
     D:3: 1605 daAuts
     D:4: 1364 daAuts
     D:2: 909 daAuts
     D:1: 769 daAuts
  Temple: 162 daAuts
     D:5: 59 daAuts
